Map: Coda EC

Players

Magik - Winner!

  • Race: Zerg Zerg
  • League: Grandmaster

Flash - Winner!

  • Race: Zerg Zerg
  • League: Grandmaster

HeLeX

  • Race: Terran Terran
  • League: Grandmaster

AgCl

  • Race: Terran Terran
  • League: Grandmaster

VOD

Have the link to the VOD?

Description

Time

  • Played on: May 29, 2015, 10:43 p.m.
  • Length: 13:59
Show
View Real Time Build Order
Export as new Build Order

Magik Zerg - Winner!

Build Orders: Hatch First, Muta Ling Bane 

Get SALT Encoding   

  12  0:01  Drone  
  13  0:09  Drone  
  14  0:18  Overlord  
  14  0:37  Drone x2  
  14  0:38  Drone  
  17  0:56  Drone  
  18  1:03  Drone  
  19  1:05  Hatchery  
  18  1:19  Extractor  
  18  1:20  Spawning Pool  
  18  1:21  Drone  
  18  1:25  Drone  
  18  1:34  Drone  
  19  1:45  Overlord  
  19  1:57  Drone  
  20  2:09  Queen  
  22  2:18  Metabolic Boost  
  22  2:20  Queen  
  24  2:28  Drone  
  24  2:29  Drone  
  26  2:56  Drone x3  
  29  3:08  Drone x5, Spine Crawler  
  33  3:13  Spine Crawler  
  31  3:20  Drone x2  
  31  3:21  Drone  
  34  3:28  Drone x2  
  34  3:31  Hatchery  
  34  3:34  Drone  
  36  3:36  Overlord  
  36  3:38  Overlord  
  36  3:53  Roach Warren  
  36  3:55  Zergling x6  
  40  4:07  Drone x3  
  43  4:10  Lair  
  43  4:11  Queen  
  43  4:13  Zergling x4  
  45  4:21  Zergling x8  
  45  4:22  Zergling x4  
  50  4:29  Zergling x4  
  51  4:37  Drone  
  52  4:46  Drone, Queen  
  52  4:47  Drone x2  
  52  4:48  Drone  
  52  4:52  Extractor  
  57  4:53  Extractor  
  57  4:57  Drone x2  
  58  5:02  Extractor  
  57  5:20  Drone  
  58  5:29  Overlord  
  58  5:37  Spire  
  58  5:38  Drone  
  58  5:41  Spore Crawler  
  58  5:42  Drone  
  58  5:44  Spore Crawler  
  58  5:47  Queen  
  58  5:48  Spore Crawler  
  58  5:49  Drone  
  63  5:50  Drone x8, Spine Crawler  
  66  5:58  Overlord x2  
  66  5:59  Overlord  
  66  6:04  Overlord x2  
  66  6:16  Spore Crawler  
  65  6:24  Drone x2  
  67  6:32  Drone x3  
  70  6:33  Overlord x2  
  70  6:34  Extractor  
  70  6:35  Extractor  
  68  6:43  Roach  
  70  6:50  Drone x2  
  70  6:51  Drone x4  
  70  6:52  Mutalisk x3  
  82  7:12  Drone x2  
  82  7:13  Drone x4  
  88  7:17  Mutalisk x4  
  96  7:22  Burrow  
  96  7:32  Drone x2  
  96  7:33  Drone, Overlord x2  
  99  7:38  Mutalisk  
  99  7:39  Mutalisk  
  103  7:47  Evolution Chamber  
  103  7:51  Drone x4  
  105  7:58  Hatchery  
  105  8:16  Zerg Ground Armor Level 1  
  105  8:18  Drone x3, Overlord x2  
  108  8:21  Evolution Chamber, Glial Reconstitution  
  107  8:30  Overlord x3, Infestation Pit  
  106  8:39  Zergling x2  
  106  8:40  Zergling x14  
  114  8:43  Baneling Nest  
  113  8:54  Drone x3  
  116  8:55  Overlord  
  116  8:56  Overlord x2  
  116  8:57  Roach  
  116  8:59  Zerg Missile Weapons Level 1  
  116  9:02  Drone  
  119  9:24  Overlord x4  
  119  9:27  Drone x4  
  119  9:30  Overlord x2  
  123  9:34  Hive  
  123  9:35  Overlord x2  
  123  9:36  Hatchery, Centrifical Hooks  
  123  9:38  Roach x4  
  130  9:50  Drone x3  
  133  9:56  Overlord x3  
  133  9:57  Zergling x10  
  133  9:58  Zergling x4  
  140  10:00  Queen  
  140  10:03  Extractor x2  
  140  10:27  Hatchery  
  139  10:32  Baneling  
  139  10:33  Baneling x18  
  139  10:34  Baneling x5  
  139  10:35  Roach x6  
  151  10:36  Queen  
  151  10:39  Pneumatized Carapace  
  153  10:43  Overseer x5  
  153  10:47  Drone x3  
  156  10:52  Zerg Ground Armor Level 2  
  156  10:58  Drone x4  
  160  11:05  Zerg Melee Weapons Level 1  
  160  11:19  Baneling  
  160  11:20  Baneling x16  
  160  11:25  Adrenal Glands  
  160  11:32  Overlord x3, Ultralisk Cavern  
  160  11:37  Viper x2, Roach  
  160  11:38  Roach x3  
  173  11:47  Zergling x2  
  173  11:48  Zergling x16  
  182  12:02  Zergling x24  
  185  12:19  Overlord  
  179  12:25  Zergling x2  
  179  12:26  Zergling x26  
  193  12:30  Chitinous Plating  
  193  12:31  Ultralisk  
  196  12:40  Baneling x4  
  196  12:41  Baneling x3  
  166  13:00  Zergling x32  
  172  13:15  Ultralisk x3  
  182  13:28  Drone x2  
  182  13:30  Drone x2  
  176  13:44  Overseer  
Show
View Real Time Build Order
Export as new Build Order

Flash Zerg - Winner!

Build Orders:  

Get SALT Encoding   

  12  0:00  SCV  
  13  0:14  SCV  
  14  0:22  Supply Depot  
  14  0:26  SCV  
  15  0:43  SCV  
  16  0:54  Supply Depot  
  16  0:55  SCV  
  17  1:07  Barracks  
  17  1:13  SCV  
  17  1:16  Refinery  
  18  1:22  Supply Depot  
  18  1:25  SCV  
  19  1:37  SCV  
  20  1:49  SCV  
  21  1:58  Command Center  
  21  2:01  Reaper  
  22  2:09  SCV  
  23  2:19  Barracks  
  24  2:26  Orbital Command  
  23  2:43  Refinery  
  23  2:48  Reaper  
  24  2:54  SCV  
  25  3:16  Bunker  
  26  3:20  Marine  
  26  3:22  Barracks Tech Lab  
  26  3:27  SCV, Engineering Bay  
  27  3:32  Orbital Command  
  27  3:39  SCV  
  28  3:44  Stimpack, Marine  
  28  3:45  Marine  
  30  3:51  SCV  
  31  4:02  Marine  
  32  4:03  Marine  
  33  4:16  Engineering Bay  
  33  4:17  Terran Infantry Weapons Level 1  
  33  4:20  Marine  
  33  4:21  Marine  
  33  4:25  SCV x2  
  33  4:27  Refinery  
  35  4:37  SCV x2  
  37  4:41  Barracks  
  37  4:42  Barracks  
  37  4:43  Missile Turret  
  37  4:45  Supply Depot  
  37  4:47  Missile Turret  
  37  4:49  SCV x2  
  37  4:52  Supply Depot  
  39  4:56  Missile Turret  
  39  4:59  Terran Infantry Armor Level 1  
  39  5:01  SCV x2  
  39  5:03  Barracks Reactor  
  41  5:12  Supply Depot  
  41  5:18  SCV x2  
  43  5:24  Supply Depot  
  43  5:26  Supply Depot  
  43  5:28  Refinery  
  43  5:30  SCV x2  
  43  5:31  Factory  
  44  5:39  Barracks Reactor  
  44  5:40  Barracks Reactor  
  44  5:41  Missile Turret  
  44  5:42  SCV x2  
  46  5:54  Combat Shields  
  46  5:56  SCV, Marine x2  
  49  5:58  Marauder  
  51  6:06  Barracks  
  51  6:18  Starport  
  51  6:19  Marauder  
  53  6:33  Command Center, Marine x2  
  53  6:34  Marine  
  53  6:35  Factory Reactor  
  53  6:36  Marine x3  
  59  6:40  Marine  
  59  6:45  Missile Turret  
  60  6:49  Missile Turret  
  60  6:51  Marine  
  60  6:52  Marine x2  
  60  6:53  Marine  
  60  6:54  Marine x2  
  65  6:56  Barracks Tech Lab  
  66  7:11  Supply Depot  
  66  7:13  SCV x2  
  66  7:14  Missile Turret  
  68  7:24  Marine x5  
  68  7:25  SCV x2  
  75  7:32  Medivac  
  75  7:33  Starport  
  75  7:34  Medivac  
  75  7:35  Factory Reactor  
  79  7:37  SCV  
  79  7:43  SCV  
  81  7:47  Marine, Marauder x2  
  81  7:48  Marine x3  
  81  7:49  SCV  
  90  7:55  SCV  
  91  7:58  Command Center  
  91  8:10  Supply Depot  
  91  8:14  Starport Tech Lab  
  91  8:17  Marine x4  
  91  8:18  Medivac, Marine x3  
  100  8:23  Hellion x2  
  104  8:29  Planetary Fortress  
  104  8:34  SCV x2  
  106  8:44  Medivac  
  106  8:46  SCV x2  
  106  8:47  Refinery  
  110  8:48  Medivac  
  110  8:51  Refinery  
  110  8:53  Medivac  
  114  8:57  Marine x2  
  114  8:58  SCV, Marine x3  
  120  9:04  Supply Depot  
  120  9:10  Liberator  
  120  9:14  Medivac  
  122  9:18  Medivac  
  122  9:22  Marine x5  
  109  9:26  Supply Depot  
  109  9:31  Missile Turret x2  
  111  9:33  Marine  
  111  9:34  Marine x2  
  114  9:40  Supply Depot, Marine x3  
  114  9:45  Armory  
  117  9:52  Liberator, Orbital Command  
  117  9:56  Refinery  
  117  9:57  Barracks  
  117  10:02  Concussive Shells  
  117  10:09  Supply Depot  
  118  10:32  SCV x2  
  118  10:33  SCV x2  
  118  10:35  Armory  
  122  10:36  Terran Infantry Weapons Level 2  
  122  10:37  Terran Infantry Armor Level 2  
  118  10:44  SCV  
  118  10:45  SCV x2, Liberator x2  
  118  10:46  Missile Turret  
  121  10:52  Medivac  
  121  10:56  SCV  
  127  11:06  Liberator  
  127  11:08  Terran Vehicle Weapons Level 1  
  127  11:12  SCV x2  
  127  11:13  SCV, Missile Turret  
  127  11:17  Refinery  
  132  11:26  Marine x3  
  132  11:27  Marine x3  
  132  11:29  Marauder x2  
  142  11:44  Marine x4  
  142  11:45  Command Center  
  146  11:49  Liberator  
  146  11:52  Starport  
  107  12:25  Marine x2  
  107  12:26  Marine x3  
  107  12:27  Marine  
  113  12:34  Marine x2  
  114  12:39  Hellbat  
  114  12:40  Hellbat  
  114  12:43  Marine x2  
  94  12:52  Marauder  
  94  12:53  Marauder  
  87  13:01  Hellbat x2  
  83  13:13  Marauder  
  83  13:14  Marauder  
Show
View Real Time Build Order
Export as new Build Order

HeLeX Terran 

Build Orders:  

Get SALT Encoding   

Show
View Real Time Build Order
Export as new Build Order

AgCl Terran 

Build Orders:  

Get SALT Encoding   

Tags
 
Add a new tag
Caveats
  • Supply blocks, unpowered buildings, or Contaminate may cause inaccurate times.
  • Supply counts are checked every 10 seconds.